 Dungeon Sprint DCSS version 0.24-a0-246-gb963c9a (webtiles) character file.

Game seed: 2459405383199847704

114 MikeHunt the Slasher (level 4, 0/42 HPs)
             Began as a Naga Fighter on Apr 12, 2019.
             Was an Initiate of Okawaru.
             Slain by a human (10 damage)
             ... in the Dungeon (Sprint III: "The Ten Rune Challenge").
             The game lasted 00:02:41 (433 turns).

MikeHunt the Slasher (Naga Fighter)                  Turns: 433, Time: 00:02:42

Health: 0/42       AC:  4    Str: 23    XL:     4   Next: 97%
Magic:  4/4        EV:  6    Int:  9    God:    Okawaru [......]
Gold:   31         SH: 10    Dex: 13    Spells: 3/3 levels left

rFire    + . .     SeeInvis +   a - +0 long sword
rCold    . . .     Gourm    .   c - +0 shield
rNeg     . . .     Faith    .   b - +0 scale mail
rPois    +         Spirit   .   (no helmet)
rElec    .         Reflect  .   (no cloak)
rCorr    .         Harm     .   (no gloves)
MR       .....     NoTele   +   (no barding)
Stlth    ..........             (no amulet)
HPRegen  0.14/turn              (no ring)
MPRegen  0.09/turn              (no ring)

@: mighty, hasted, quick
A: large, stinger 1, see invisible, agile 1, deformed body, fire resistance 1,
poison resistance, slowness 2, slow metabolism 1, spit poison 1, AC +1
a: Spit Poison, Renounce Religion


You were in the Dungeon.
You worshipped Okawaru.
Okawaru was noncommittal.
You were not hungry.

You visited 1 branch You collected 31 gold pieces.

Inventory:

Hand Weapons
 a - a +0 long sword (weapon)
Armour
 b - a +0 scale mail (worn)
 c - a +0 shield (worn)
Scrolls
 k - a scroll of blinking
 l - 3 scrolls of identify {unknown}
 n - a scroll of torment {unknown}
 o - a scroll of remove curse {unknown}
 r - a scroll of immolation {unknown}
 s - a scroll of enchant weapon {unknown}
Potions
 e - a potion of curing
 g - a potion of heal wounds
 i - 2 potions of magic
 m - a potion of mutation
 p - a potion of degeneration {unknown}
 q - 2 potions of flight {unknown}
Comestibles
 f - 3 rations


   Skills:
 - Level 3.0 Fighting
 + Level 6.8 Long Blades
 - Level 2.4 Armour
 + Level 6.0 Shields


You had 3 spell levels left.
You didn't know any spells.
Your spell library was empty.

Dungeon Overview and Level Annotations

Branches:
Dungeon (1/1)

Altars:
Okawaru
Trog
Uskayaw
Wu Jian
Beogh


Innate Abilities, Weirdness & Mutations

You cannot wear boots.
Your serpentine skin is tough. (AC +1)
You have supernaturally acute eyesight. (SInv)
Armour fits poorly on your strangely shaped body.
Your system is resistant to poisons. (rPois)
You cover ground very slowly.
You have a slow metabolism.
You can spit poison.
Your tail ends in a poisonous barb.
You are agile. (Dex +2)
Your flesh is heat resistant. (rF+)


Message History

There is a hide-covered altar of Uskayaw here.
You block the human's attack. The human hits you!
There is an iron altar of Okawaru, spattered with blood here.
You coil in front of the altar of Okawaru.
Okawaru welcomes you! You block the human's attack. x2
You feel very mighty all of a sudden.
The human drinks a potion.
The human seems to grow stronger.
You slice the human!! You tail-slap the human!
The human is severely wounded.
The human hits you! You block the human's attack.
You closely miss the human.
The human is severely wounded.
The human hits you.
You slash the human!
The human is almost dead.
The human hits you!
* * * LOW HITPOINT WARNING * * *
The human hits you!
You die...

▓▓ ▓▓▓ .#### ##.# #####
....#####..# #@p_#
.....#..#..# #_p.#
##...#..#..###+#'###+##
###..##'#..#..........#
[##..###...'.⌠........#
##..####...#...######+#
##..###....#.⌠.#
#...##.....#...#
....#......#+###


You could see 2 humans.

Vanquished Creatures
  A water elemental (D)
  Jessica (D)
  A human (D)
  An ooze (D)
  A phantom (D)
  A rat (D)
6 creatures vanquished.

Vanquished Creatures (others)
  2 draconian scorchers (D)
  A yaktaur (D)
  6 hellions (D)
  3 plants (D)
12 creatures vanquished.

Grand Total: 18 creatures vanquished

Notes
Turn   | Place    | Note
-------+----------+-------------------------------------------
     0 | D        | MikeHunt the Naga Fighter began the quest for the Orb.
     0 | D        | Reached XP level 1. HP: 21/21 MP: 1/1
    58 | D        | Noticed Jessica
    66 | D        | Killed Jessica
    66 | D        | Reached XP level 2. HP: 14/28 MP: 2/2
    66 | D        | Reached XP level 3. HP: 17/34 MP: 3/3
    95 | D        | Killed a hellion
    95 | D        | Killed a hellion
   100 | D        | Killed a hellion
   107 | D        | Killed a hellion
   136 | D        | Killed a white draconian scorcher
   137 | D        | Killed a hellion
   150 | D        | Killed a yaktaur
   188 | D        | Killed a hellion
   206 | D        | Reached skill level 5 in Long Blades
   223 | D        | Killed a white draconian scorcher
   264 | D        | Gained mutation: Your mind is acute. (Int +2) [potion of
                  | mutation]
   264 | D        | Gained mutation: You are frail. (-10% HP) [potion of
                  | mutation]
   264 | D        | Gained mutation: You are resistant to hostile enchantments.
                  | (MR+) [potion of mutation]
   265 | D        | Lost mutation: You are resistant to hostile enchantments.
                  | (MR+) [potion of mutation]
   265 | D        | Lost mutation: Your mind is acute. (Int +2) [potion of
                  | mutation]
   265 | D        | Gained mutation: Your flesh is heat resistant. (rF+)
                  | [potion of mutation]
   266 | D        | Lost mutation: You are frail. (-10% HP) [potion of
                  | mutation]
   266 | D        | Lost mutation: Your flesh is heat resistant. (rF+) [potion
                  | of mutation]
   266 | D        | Gained mutation: Your flesh is heat resistant. (rF+)
                  | [potion of mutation]
   266 | D        | Gained mutation: Your tail ends in a poisonous barb.
                  | [potion of mutation]
   266 | D        | Gained mutation: You are agile. (Dex +2) [potion of
                  | mutation]
   305 | D        | Noticed a water elemental
   313 | D        | Killed a water elemental
   313 | D        | Reached XP level 4. HP: 38/42 MP: 4/4
   425 | D        | Found a hide-covered altar of Uskayaw.
   425 | D        | Found a roughly hewn altar of Beogh.
   425 | D        | Found an iron altar of Okawaru.
   425 | D        | Found a bloodstained altar of Trog.
   425 | D        | Found an ornate altar of the Wu Jian Council.
   425 | D        | Noticed a human
   426 | D        | Noticed a human
   429 | D        | Became a worshipper of Warmaster Okawaru
   433 | D        | Slain by a human

Levels and vault maps discovered:
D:        dungeon_sprint_mu [sprint_mu_entry_cave, sprint_mu_temple_rooms,
          sprint_mu_d1_horrors, sprint_mu_d2_genie, sprint_mu_d3_branching,
          sprint_mu_orc_legion, sprint_mu_elf_gauntlet, sprint_mu_hive_nellie,
          sprint_mu_lair_fedhas, sprint_mu_vaults_butterflies,
          sprint_mu_slime_circle, sprint_mu_swamp_cave, sprint_mu_snake_twists,
          sprint_mu_blade_basic, sprint_mu_crypt_lich, sprint_mu_tomb_spiral,
          sprint_mu_vestibule_basic, sprint_mu_gehenna_hellfire,
          sprint_mu_dis_giant, sprint_mu_tartarus_statrot,
          sprint_mu_cocytus_islands, sprint_mu_zot1]

Skill      XL: |  1  2  3 |
---------------+----------+-----
Long Blades    | 4 6 |  6.8
Shields        | 4 6 |  6.0
Fighting       | |  3.0
Armour         | |  2.4

Action                   |  1- 3 |  4- 6 || total
-------------------------+-------+-------++-------
Melee: Long sword        |    26 |     3 ||    29
       Tailslap          |     2 |     1 ||     3
 Abil: Spit Poison       |     4 |       ||     4
  Use: Potion            |     4 |     2 ||     6
Armor: Scale mail        |     5 |       ||     5
Dodge: Dodged            |     4 |       ||     4
Block: Shield            |     8 |     5 ||    13
       Rpst.: Long sword |     2 |       ||     2

Table legend:
 A = Non-vault XP
 B = Vault XP
 C = Vault XP percentage of total XP
 D = Non-vault monster count
 E = Vault monster count
 F = Vault count percentage of total count
                 A         B        C        D         E       F
            +---------+---------+-------+---------+---------+-------
      Total |       0 |     163 | 100.0 |       0 |       6 | 100.0
            +---------+---------+-------+---------+---------+-------
          D |       0 |     163 | 100.0 |       0 |       6 | 100.0
            +---------+---------+-------+---------+---------+-------
